 Dungeon Crawl Stone Soup version 0.30-a0-778-g2ef04afb54 (webtiles) character file.

Game seed: 5509394368555087303

2 Patoropollo the Shooter (level 1, 12/12 HPs)
             Began as a Kobold Hunter on Feb 16, 2023.
             Got out of the dungeon alive.
             The game lasted 00:00:50 (80 turns).

Patoropollo the Shooter (Kobold Hunter)               Turns: 80, Time: 00:00:50

Health: 12/12      AC:  3    Str:  8    XL:     1   Next: 44%
Magic:  1/1        EV: 14    Int: 10    God:
Gold:   0          SH:  0    Dex: 18    Spells: 0/0 levels left

rFire   . . .      SeeInvis .    a - +0 shortbow
rCold   . . .      Faith    .    (shield currently unavailable)
rNeg    . . .      Spirit   .    c - +0 leather armour
rPois   .          Reflect  .    (no helmet)
rElec   .          Harm     .    (no cloak)
rCorr   .          Rampage  .    (no gloves)
Will    .....                    (no boots)
Stlth   +++                      (no amulet)
HPRegen 0.22/turn                (no ring)
MPRegen 0.07/turn                (no ring)

@: no status effects
A: small, no large weapons, nightstalker 3
a: no special abilities


You escaped.
You visited 1 branch of the dungeon, and saw 1 of its levels.

Inventory:

Hand Weapons
 a - a +0 shortbow (weapon)
Armour
 c - a +0 leather armour (worn)
Scrolls
 b - a scroll of immolation
Potions
 d - a potion of might {unknown}
 e - a potion of curing {unknown}


   Skills:
 + Level 2.2 Fighting
 + Level 5.3 Ranged Weapons
 + Level 2.5 Dodging
 + Level 1.5 Stealth


You couldn't memorise any spells.
You didn't know any spells.
Your spell library was empty.

Dungeon Overview and Level Annotations

Branches:
Dungeon (1/15)

Altars:


Innate Abilities, Weirdness & Mutations

You are small and have problems with some larger weapons.
You are completely attuned to the shadows.


Message History

Welcome, Patoropollo the Kobold Hunter.
Below lies the Orb of Zot, rumoured to be powerful enough to resurrect a god...
Press ? for a list of commands and other information.
Found a staircase leading out of the dungeon.
Found a stone staircase leading down.
No target in view!
Found a robe.
No target in view!
There is a stone staircase leading down here.
d - a gluggy clear potion No target in view!
A kobold comes into view. It is wielding a +0 whip.
You shoot an arrow.
The arrow hits the kobold but does no damage.
The kobold shouts!
You hear a shout!
You shoot an arrow. The arrow hits the kobold.
You kill the kobold!
No target in view!
e - a bubbling black potion A goblin comes into view.
It is wielding a +0 dagger.
Things that are here:
a +0 whip; 5 stones You shoot an arrow.
The arrow barely misses the goblin.
You shoot an arrow. The arrow hits the goblin.
The goblin is moderately wounded.
You shoot an arrow. The arrow hits the goblin.
You kill the goblin!
No target in view!
You see here a +0 dagger.
Found a faded altar of an unknown god.
Found an escape hatch in the floor.
A frilled lizard comes into view.
You shoot an arrow. The arrow hits the frilled lizard!
You kill the frilled lizard!
No target in view!
No target in view!
There is a staircase leading out of the dungeon here.
Are you sure you want to leave the Dungeon?
This will make you lose the game!
You have escaped!

#.# ##..#####>...#
#.## ##....♣....##.#
#..# ##...P....P♣.#.##
##.###...P...P...P...#
#.##.P.....P.....P.[#
#....P...P...P..♣...#
###..................#
#..♣♣.P.....P....#..
..##........@.....♣.#
#......♣.P.....P..
####..............
##P.P..P...P.♣.
#P..♣...P...♣ #♣P.


There were no monsters in sight!

Vanquished Creatures
  A kobold (D:1)
  A frilled lizard (D:1)
  A goblin (D:1)
3 creatures vanquished.

Notes
Turn   | Place    | Note
-------+----------+-------------------------------------------
     0 | D:1      | Patoropollo the Kobold Hunter began the quest for the Orb.
     0 | D:1      | Reached XP level 1. HP: 12/12 MP: 1/1
    37 | D:1      | Found a faded altar of an unknown god.
    80 | D:$      | Got out of the dungeon alive.

Illustrated notes

Levels and vault maps discovered:
D:1:      wander_arrival_fairy_ring, layout_rooms,
          ebering_ecumenical_altar_ruins, serial_bayou_pond_d

Action                     || total
---------------------------++-------
   Fire: Shortbow          ||     6

Table legend: (Time is in decaauts)
 A = Elapsed time spent in this place.
 B = Non-inter-level travel time spent in this place.
 C = Inter-level travel time spent in this place.
 D = Time resting spent in this place.
 E = Time spent auto-exploring this place.
 F = Levels seen in this place.
 G = Mean time per level.
                   A        B        C        D        E       F      G
               +--------+--------+--------+--------+--------+-----+--------+
         Total |     81 |     73 |      8 |      0 |     56 |   1 |   81.0 |
       Dungeon |     81 |     73 |      8 |      0 |     56 |   1 |   81.0 |
               +--------+--------+--------+--------+--------+-----+--------+

Top non-repeatable levels by time:
     D:1: 81 daAuts
